 Dungeon Crawl Stone Soup version 0.29-a0-243-g602b31c20e (webtiles) character file.

Game seed: 11044786560804341633

16751 pokeman the Eclecticist (level 12, -9/66 HPs)
             Began as a Deep Elf Hedge Wizard on Mar 4, 2022.
             Was an Elder of Vehumet.
             Killed from afar by a fire dragon (26 damage)
             ... with a blast of flame
             ... on level 12 of the Dungeon.
             The game lasted 00:48:43 (14595 turns).

pokeman the Eclecticist (Deep Elf Hedge Wizard)    Turns: 14595, Time: 00:48:44

Health: -9/66      AC: 17    Str:  7    XL:     12   Next: 12%
Magic:  10/34      EV: 13    Int: 25    God:    Vehumet [****..]
Gold:   1268       SH:  0    Dex: 20    Spells: 26/44 levels left

rFire   . . .      SeeInvis +   X - +7 short sword "Hoil Tei" {holy, rN+}
rCold   . . .      Faith    .   (no shield)
rNeg    + . .      Spirit   .   W - +3 troll leather armour {Snorg}
rPois   .          Reflect  .   o - +2 helmet
rElec   .          Harm     .   S - +2 cloak {Will+}
rCorr   .          Rampage  .   K - +1 pair of gloves
Will    ++...                   M - +0 pair of boots
Stlth   ++........              (no amulet)
HPRegen 1.01/turn               e - ring of see invisible
MPRegen 0.24/turn               B - +6 ring of dexterity

@: no status effects
A: no striking features
a: Renounce Religion


You were on level 12 of the Dungeon.
You worshipped Vehumet.
Vehumet was greatly pleased with you.
You visited 2 branches of the dungeon, and saw 13 of its levels.
You also visited: Bailey.

You collected 1268 gold pieces.

Inventory:

Hand Weapons
 z - a +0 shortbow
 E - a +3 quarterstaff of chaos
 L - a +2 hand axe of electrocution
 X - the +7 short sword "Hoil Tei" (weapon) {holy, rN+}
   (You took it off an orc on level 11 of the Dungeon)

   It has been blessed by the Shining One to cause great damage to the undead
   and demons.
   rN:        It protects you from negative energy.
Missiles
 v - 2 throwing nets
Armour
 b - a +0 kite shield
 o - a +2 helmet (worn)
 G - +0 steam dragon scales
 K - a +1 pair of gloves (worn)
 M - a +0 pair of boots (worn)
 P - a +2 leather armour of fire resistance
 Q - +2 ice dragon scales
 S - a +2 cloak of willpower (worn)
 W - a +3 troll leather armour (worn) {Snorg}
Magical Staves
 R - a staff of air
Jewellery
 e - a ring of see invisible (left hand)
 j - a +4 ring of slaying
 p - a ring of protection from cold
 x - an amulet of faith
 B - a +6 ring of dexterity (right hand)
 U - a +4 ring of slaying
Wands
 a - a wand of iceblast (5)
 y - a wand of polymorph (14)
 C - a wand of mindburst (10)
 F - a wand of flame (5)
 V - a wand of digging (7)
Scrolls
 c - a scroll of enchant weapon {unknown}
 d - 3 scrolls of blinking {unknown}
 l - 3 scrolls of magic mapping {unknown}
 m - a scroll of acquirement {unknown}
 n - 12 scrolls of identify {unknown}
 r - 3 scrolls of enchant armour {unknown}
 u - a scroll of noise {unknown}
 A - a scroll of vulnerability {unknown}
 H - a scroll of holy word {unknown}
 I - 2 scrolls of immolation {unknown}
 N - 4 scrolls of teleportation {unknown}
 O - a scroll of brand weapon {unknown}
 T - a scroll of fog {unknown}
Potions
 f - 2 potions of heal wounds {unknown}
 g - 5 potions of curing {unknown}
 h - 2 potions of degeneration {unknown}
 i - 3 potions of ambrosia {unknown}
 k - 2 potions of might {unknown}
 q - 2 potions of resistance {unknown}
 s - 2 potions of haste {unknown}
 t - a potion of attraction {unknown}
 w - 3 potions of flight {unknown}
 D - a potion of cancellation {unknown}
 J - a potion of lignification {unknown}


   Skills:
 - Level 4.0 Fighting
 - Level 4.0 Armour
 - Level 3.0 Dodging
 - Level 3.0 Stealth
 + Level 4.3 Shields
 * Level 16.6 Spellcasting
 + Level 9.9 Conjurations
 - Level 1.1 Summonings
 - Level 1.1 Translocations
 + Level 9.2 Fire Magic
 - Level 1.2 Air Magic
 - Level 1.3 Poison Magic
 - Level 1.1 Evocations


You had 26 spell levels left.
You knew the following spells:

 Your Spells              Type           Power      Damage    Failure   Level
a - Magic Dart            Conj           100%       1d8       1%          1
b - Mephitic Cloud        Conj/Pois/Air  41%        N/A       1%          3
c - Call Imp              Summ           26%        N/A       3%          2
d - Blink                 Tloc           52%        N/A       3%          2
e - Conjure Flame         Conj/Fire      62%        6-21      1%          3
f - Foxfire               Conj/Fire      100%       2x1d9     1%          1
g - Lightning Bolt        Conj/Air       24%        1d39      3%          5
h - Shock                 Conj/Air       100%       1d9       1%          1

Your spell library contained the following spells:

 Spells                   Type           Power      Damage    Failure   Level
 Iskenderun's Battlesphe  Conj           63%        2d11      1%          5
 Slow                     Hex            80%        N/A       3%          1
 Ensorcelled Hibernation  Hex/Ice        40%        N/A       5%          2
 Airstrike                Air            13%        N/A       6%          4
 Spider Form              Tmut/Pois      24%        N/A       9%          3
 Summon Lightning Spire   Summ/Air       26%        N/A       22%         4
 Anguish                  Hex/Necr       10%        N/A       34%         4
 Manifold Assault         Tloc           26%        N/A       54%         5
 Storm Form               Tmut/Air       11%        N/A       100%        7


Dungeon Overview and Level Annotations

Branches:
Dungeon (12/15)            Temple (1/1) D:4            Lair (0/6) D:11
    Orc (0/2) D:9          Bailey (visited)

Altars:
Ashenzari
Cheibriados
Dithmenos
Elyvilon
Fedhas
Gozag
Hepliaklqana
Kikubaaqudgha
Makhleb
Nemelex Xobeh
Okawaru
Qazlal
Ru
Sif Muna
Trog
Uskayaw
Vehumet
Wu Jian
Xom
Yredelemnul
Zin
The Shining One

Shops:
D:5 *   D:7 :

Annotations:
D:11 3 runed translucent doors, Caly's ghost, journeyman OpCj; OstrichLN's ghost, journeyman GnFi; Stoinky's ghost, journeyman DsAK


Message History

Casting: Lightning Bolt (dangerous; 3% risk of failure)
Confirm with . or Enter, or press ? or * to list all spells.
Aiming: Lightning Bolt (dangerous; 3% risk of failure)
Press: ? - help, Shift-Dir - straight line You hear a mighty clap of thunder!
The bolt of lightning misses the fire dragon.
The bolt of lightning hits the fire dragon!!
The fire dragon is severely wounded.
You hear a shout! x2
The fire dragon bites you but does no damage.
The fire dragon claws you but does no damage.
The fire dragon tramples you.
* * * LOW HITPOINT WARNING * * *
You stumble backwards!
Found a stone staircase leading up.
Casting: Lightning Bolt (dangerous; 3% risk of failure)
Confirm with . or Enter, or press ? or * to list all spells.
Aiming: Lightning Bolt (dangerous; 3% risk of failure)
Press: ? - help, Shift-Dir - straight line You hear a mighty clap of thunder!
The bolt of lightning hits the fire dragon!
The fire dragon is almost dead.
The bolt of lightning hits the fire dragon.
The fire dragon is almost dead.
The fire dragon bites you but does no damage.
The fire dragon claws you but does no damage.
The fire dragon misses you.
Casting: Lightning Bolt (dangerous; 3% risk of failure)
Confirm with . or Enter, or press ? or * to list all spells.
Aiming: Lightning Bolt (dangerous; 3% risk of failure)
Press: ? - help, Shift-Dir - straight line You hear a mighty clap of thunder!
The bolt of lightning hits the fire dragon.
The fire dragon is almost dead.
The bolt of lightning hits the fire dragon!
The fire dragon is almost dead.
You hear a horrible gurgling sound!
You hear two shouts!
You hear a horrible gurgling sound!
The fire dragon breathes flames at you. The blast of flame hits you!!
You die...

## #.##....#
..##.#...###
...#..## #.#.##
#...# #.#.#
#####.#...
.<.##...D.#...#
#....@#/##....
#.....#.# ###.#
#.....#.. ..)
#.....##.# #.
#.....# ..
###.... ...
##### ###


You could see a fire dragon (catching breath).

Vanquished Creatures
  Snorg (D:11)
  A boulder beetle (D:11)
  2 two-headed ogres
  2 orc knights (Bailey)
  Pikel (D:9)
  A manticore (D:11)
  A cyclops (D:10)
  An unseen horror (D:10)
  Joseph (D:10)
  A kobold demonologist (D:9)
  2 komodo dragons (D:11)
  Psyche (D:10)
  4 trolls
  2 hornets (D:8)
  A vampire (D:9)
  15 yaks
  2 wraiths
  3 wyverns
  A steam dragon (D:7)
  Grum (D:10)
  3 vampire mosquitoes (D:10)
  Edmund (D:6)
  2 acid dragons
  A water moccasin (D:8)
  2 sky beasts (D:7)
  15 orc warriors
  An ice beast (D:7)
  5 ogres
  4 centaurs
  2 wolves (D:10)
  4 lemures (D:9)
  A phantom (D:4)
  5 kobold brigands
  3 bullfrogs
  A scorpion (D:6)
  12 wights
  3 killer bees (D:8)
  6 howler monkeys
  3 hounds
  Crazy Yiuf (D:6)
  2 gnoll shamans
  3 orc priests
  4 iguanas
  11 orc wizards
  Robin (D:2)
  8 gnolls
  6 adders
  2 shadow imps
  3 white imps
  3 ufetubi
  A worm (D:2)
  6 dart slugs
  55 orcs
  6 ball pythons
  6 endoplasms
  4 giant cockroaches
  20 goblins
  10 hobgoblins
  6 jackals
  3 quokkas
  6 bats
  2 frilled lizards
  31 kobolds
  6 rats
  A foxfire (D:11)
325 creatures vanquished.

Vanquished Creatures (collateral kills)
  A wight (D:6)
1 creature vanquished.

Vanquished Creatures (others)
  3 killer bees (D:10)
  675 foxfires
678 creatures vanquished.

Grand Total: 1004 creatures vanquished

Notes
Turn   | Place    | Note
-------+----------+-------------------------------------------
     0 | D:1      | pokeman the Deep Elf Hedge Wizard began the quest for the
                  | Orb.
     0 | D:1      | Reached XP level 1. HP: 10/10 MP: 7/7
   498 | D:1      | Reached XP level 2. HP: 15/15 MP: 6/9
  1192 | D:1      | Reached skill level 5 in Spellcasting
  1571 | D:1      | Reached XP level 3. HP: 20/20 MP: 6/11
  1575 | D:1      | Learned a level 3 spell: Mephitic Cloud
  1578 | D:1      | Learned a level 2 spell: Call Imp
  1581 | D:1      | Learned a level 2 spell: Blink
  1585 | D:1      | Learned a level 3 spell: Conjure Flame
  1904 | D:2      | Reached skill level 1 in Fighting
  2037 | D:2      | Reached skill level 1 in Armour
  2684 | D:2      | Noticed Robin
  2720 | D:2      | Killed Robin
  2721 | D:2      | Reached XP level 4. HP: 19/25 MP: 2/13
  3326 | D:3      | Found a faded altar of an unknown god.
  3665 | D:3      | Reached XP level 5. HP: 29/29 MP: 11/15
  3791 | D:4      | Reached skill level 6 in Spellcasting
  3985 | D:4      | Noticed a phantom
  3997 | D:4      | Killed a phantom
  3998 | D:4      | Reached skill level 1 in Shields
  4102 | D:4      | Reached XP level 6. HP: 20/34 MP: 7/17
  4391 | D:4      | Found a staircase to the Ecumenical Temple.
  4399 | Temple   | Entered the Ecumenical Temple
  4450 | Temple   | Became a worshipper of Vehumet
  4479 | D:4      | Identified the +0 plate armour of the Many Queens {rPois
                  | rN++ MP+9 Dex-4}
  4588 | D:4      | Reached skill level 7 in Spellcasting
  4588 | D:4      | Reached skill level 1 in Air Magic
  4588 | D:4      | Reached skill level 1 in Poison Magic
  4767 | D:4      | Reached skill level 1 in Fire Magic
  4767 | D:4      | Reached XP level 7. HP: 17/38 MP: 11/20
  5343 | D:5      | Entered Level 5 of the Dungeon
  5370 | D:5      | Noticed a yak
  5370 | D:5      | Noticed a yak
  5373 | D:5      | Noticed a yak
  5389 | D:5      | Killed a yak
  5390 | D:5      | Reached skill level 8 in Spellcasting
  5390 | D:5      | Reached skill level 1 in Evocations
  5398 | D:5      | Killed a yak
  5412 | D:5      | Reached XP level 8. HP: 19/44 MP: 4/22
  5418 | D:5      | Reached skill level 9 in Spellcasting
  6063 | D:5      | Reached * piety under Vehumet
  6063 | D:5      | Offered knowledge of Shock by Vehumet.
  6066 | D:5      | Learned a level 1 spell: Shock
  6120 | D:5      | Found Jaweppose's Gadget Gallery.
  6625 | D:6      | Noticed Edmund
  6631 | D:6      | Reached skill level 5 in Conjurations
  6793 | D:6      | Killed Edmund
  6794 | D:6      | Reached skill level 10 in Spellcasting
  7566 | D:6      | Found a runed translucent door.
  7567 | D:6      | Noticed Crazy Yiuf
  7581 | D:6      | Killed Crazy Yiuf
  7862 | D:6      | Reached XP level 9. HP: 48/48 MP: 19/25
  8392 | D:7      | Offered knowledge of Foxfire by Vehumet.
  8393 | D:7      | Reached skill level 11 in Spellcasting
  8395 | D:7      | Learned a level 1 spell: Foxfire
  8436 | D:7      | Reached ** piety under Vehumet
  8446 | D:7      | Reached skill level 5 in Fire Magic
  8587 | D:7      | Found Fidwidghumn's Book Shop.
  8616 | D:7      | Reached skill level 12 in Spellcasting
  9006 | D:8      | Reached XP level 10. HP: 40/53 MP: 25/28
  9110 | D:8      | Found a shadowy altar of Dithmenos.
  9478 | D:8      | Reached skill level 13 in Spellcasting
  9513 | D:8      | Offered knowledge of Scorch by Vehumet.
  9676 | D:8      | Reached *** piety under Vehumet
  9865 | D:8      | Noticed a two-headed ogre
  9897 | D:8      | Killed a two-headed ogre
 10129 | D:8      | Offered knowledge of Hailstorm by Vehumet.
 10680 | D:9      | Reached skill level 14 in Spellcasting
 10748 | D:9      | Noticed Pikel
 10802 | D:9      | Killed Pikel
 11052 | D:9      | Reached XP level 11. HP: 61/61 MP: 20/31
 11257 | D:9      | Found a staircase to the Orcish Mines.
 11510 | D:9      | Reached **** piety under Vehumet
 11719 | D:10     | Entered Level 10 of the Dungeon
 11719 | D:10     | Noticed Grum
 11731 | D:10     | Killed Grum
 11829 | D:10     | Reached skill level 15 in Spellcasting
 11842 | D:10     | Found a flagged portal.
 11856 | D:10     | Offered knowledge of Iskenderun's Battlesphere by Vehumet.
 11917 | Bailey   | Entered a bailey
 12133 | Bailey   | Noticed an orc knight
 12156 | Bailey   | Killed an orc knight
 12348 | Bailey   | Noticed an orc knight
 12364 | Bailey   | Killed an orc knight
 12467 | D:10     | Noticed Psyche
 12503 | D:10     | Killed Psyche
 13027 | D:10     | Noticed Joseph
 13043 | D:10     | Killed Joseph
 13220 | D:10     | Learned a level 5 spell: Lightning Bolt
 13354 | D:11     | Noticed Snorg
 13365 | D:11     | Noticed a boulder beetle
 13368 | D:11     | Killed Snorg
 13369 | D:11     | Reached skill level 16 in Spellcasting
 13548 | D:11     | Noticed a two-headed ogre
 13556 | D:10     | Killed a two-headed ogre
 13723 | D:11     | Identified the +7 short sword "Hoil Tei" {holy, rN+}
 13842 | D:11     | Killed a boulder beetle
 13843 | D:11     | Reached XP level 12. HP: 66/66 MP: 15/34
 13946 | D:11     | Found a runed translucent gate.
 13947 | D:11     | Found a runed translucent gate.
 13949 | D:11     | Found a runed translucent gate.
 13949 | D:11     | Noticed Caly's ghost (journeyman OpCj)
 13951 | D:11     | Noticed Stoinky's ghost (journeyman DsAK)
 13951 | D:11     | Noticed OstrichLN's ghost (journeyman GnFi)
 14364 | D:11     | Found a staircase to the Lair.
 14589 | D:12     | Noticed a fire dragon
 14595 | D:12     | Killed from afar by a fire dragon

Illustrated notes

Levels and vault maps discovered:
D:1:      minmay_arrival_doors, layout_basic, ebering_dispersal_statue_hall
D:2:      layout_loops_ring, uniq_robin
D:3:      layout_rooms, dreamdust_ecumenical_altar_hidden_monk_grotto
D:4:      minmay_polygon_palace, layout_gridville, minmay_temple_entry_ruins
D:5:      layout_loops_ring, minmay_misc_feat_tower, nicolae_shop_gadgets
D:6:      layout_basic, uniq_edmund, uniq_crazy_yiuf_cottage
D:7:      layout_cave_pools, serial_shops, nicolae_shop_hallway_plus
D:8:      layout_rooms, nicolae_dithmenos_shadow_blocks, special_room
          [special_room_orc], chequers_avenue, kennysheep_donut
D:9:      layout_stronghold, orc_0_dummy, uniq_pikel
D:10:     layout_roguey, enter_bailey_3, nrook_loot_triangle, uniq_joseph,
          uniq_psyche, uniq_grum
D:11:     layout_rooms, erik_lair_dragon, gammafunk_ghost_cemetery,
          kennysheep_small_spiral, uniq_snorg
D:12:     minmay_the_grid_net [minmay_the_grid_dragon_b,
          minmay_the_grid_dragon_a, minmay_the_grid_spin_star,
          minmay_the_grid_tiny_cups, minmay_the_grid_minigrid_medium,
          minmay_the_grid_prize_trominoes], layout_loops_cross,
          ebering_ghost_xom, minivault_22, uniq_jorgrun, uniq_gastronok,
          uniq_lodul, uniq_fannar, uniq_amaemon
Temple:   grunt_wide_crystal_templ

Skill      XL: |  1  2  3  4  5  6  7  8  9 10 11 |
---------------+----------------------------------+-----
Spellcasting   | 5 6 7 8 10 12 14 16 | 16.6
Fighting       | 1 2 4 |  4.0
Armour         | 1 2 3 4 |  4.0
Conjurations   | 2 3 4 5 7 8 9 |  9.9
Dodging        | 3 |  3.0
Stealth        | 3 |  3.0
Shields        | 1 3 4 |  4.3
Air Magic      | 1 |  1.2
Poison Magic   | 1 |  1.3
Fire Magic     | 1 2 4 6 7 9 |  9.2
Evocations     | 1 |  1.1
Summonings     | |  1.1
Translocations | |  1.1

Action                   |  1- 3 |  4- 6 |  7- 9 | 10-12 || total
-------------------------+-------+-------+-------+-------++-------
Melee: Mace              |    25 |    11 |       |       ||    36
       Dagger            |       |    27 |    14 |       ||    41
       Punch             |       |     1 |       |     1 ||     2
       Quarterstaff      |       |       |    25 |    15 ||    40
       Hand axe          |       |       |       |    39 ||    39
       Short sword       |       |       |       |     1 ||     1
 Cast: Magic Dart        |   117 |    75 |    42 |     4 ||   238
       Mephitic Cloud    |     1 |     7 |    18 |    44 ||    70
       Conjure Flame     |       |     3 |    11 |    30 ||    44
       Shock             |       |       |   111 |    15 ||   126
       Call Imp          |       |       |     4 |     6 ||    10
       Blink             |       |       |     1 |     4 ||     5
       Foxfire           |       |       |    42 |   323 ||   365
       Lightning Bolt    |       |       |       |    36 ||    36
Evoke: Wand              |       |       |       |    10 ||    10
 Stab: Sleeping          |     1 |       |       |       ||     1
       Confused          |       |     1 |     6 |    12 ||    19
       Distracted        |       |       |     1 |       ||     1
Armor: Robe              |     5 |       |       |       ||     5
       Leather armour    |     6 |    11 |    20 |       ||    37
       Steam dragon scal |       |       |     1 |    33 ||    34
       Troll leather arm |       |       |       |    15 ||    15
Dodge: Dodged            |    33 |    19 |    44 |    68 ||   164

Table legend: (Time is in decaauts)
 A = Elapsed time spent in this place.
 B = Non-inter-level travel time spent in this place.
 C = Inter-level travel time spent in this place.
 D = Time resting spent in this place.
 E = Time spent auto-exploring this place.
 F = Levels seen in this place.
 G = Mean time per level.
                   A        B        C        D        E       F      G
               +--------+--------+--------+--------+--------+-----+--------+
         Total |  14648 |  14289 |    359 |    688 |  10995 |  14 | 1046.3 |
       Dungeon |  14041 |  13694 |    347 |    688 |  10640 |  12 | 1170.1 |
        Temple |     64 |     52 |     12 |      0 |     29 |   1 |   64.0 |
        Bailey |    541 |    541 |      0 |      0 |    326 |   1 |  541.0 |
               +--------+--------+--------+--------+--------+-----+--------+

Top non-repeatable levels by time:
     D:1: 1694 daAuts
     D:8: 1538 daAuts
     D:4: 1525 daAuts
     D:2: 1437 daAuts
     D:6: 1425 daAuts
     D:5: 1416 daAuts
    D:10: 1372 daAuts
     D:9: 1209 daAuts
    D:11: 952 daAuts
     D:7: 804 daAuts
     D:3: 632 daAuts
  Bailey: 541 daAuts
  Temple: 64 daAuts
    D:12: 31 daAuts
